 Dungeon Crawl Stone Soup version 0.28.0-53-g5a82cb258f (webtiles) character file.

Game seed: 16958748645007044070

39 mcbry74 the Insei (level 3, 0/26 HPs)
             Began as a Merfolk Transmuter on July 5, 2022.
             Slain by Natasha (2 damage)
             ... on level 2 of the Dungeon.
             The game lasted 00:04:02 (1583 turns).

mcbry74 the Insei (Merfolk Transmuter)              Turns: 1583, Time: 00:04:02

Health: 0/26       AC:  2    Str: 10    XL:     3   Next: 45%
Magic:  5/6        EV: 12    Int: 14    God:
Gold:   19         SH:  0    Dex: 14    Spells: 3/6 levels left

rFire   . . .      SeeInvis +     - Unarmed
rCold   . . .      Faith    .   (no shield)
rNeg    . . .      Spirit   .   a - +0 robe
rPois   .          Reflect  .   (helmet currently unavailable)
rElec   .          Harm     .   (no cloak)
rCorr   .          Rampage  .   (no gloves)
Will    .....                   (boots currently unavailable)
Stlth   +.........              (no amulet)
HPRegen 0.08/turn               b - ring of see invisible
MPRegen 0.10/turn               (no ring)

@: appendages (expiring)
A: horns 2, (nimble swimmer 2), mertail
a: End Transformation


You were on level 2 of the Dungeon.
You had temporarily grown beastly horns.
You visited 1 branch of the dungeon, and saw 2 of its levels.

You collected 19 gold pieces.

Inventory:

Missiles
 d - 4 poisoned darts
Armour
 a - a +0 robe (worn)
 c - a +1 pair of boots of flying (melded)
Jewellery
 b - a ring of see invisible (left hand)
Scrolls
 e - 2 scrolls of vulnerability {unknown}
 g - a scroll of torment {unknown}
Potions
 f - a potion of heal wounds {unknown}


   Skills:
 - Level 1.1 Fighting
 - Level 2.6 Dodging
 + Level 4.9 Unarmed Combat
 - Level 2.0 Spellcasting
 - Level 2.6 Transmutations


You had 3 spell levels left.
You knew the following spells:

 Your Spells              Type           Power      Damage    Failure   Level
a - Beastly Appendage     Tmut           16%        N/A       8%          1
b - Wereblood             Tmut           8%         N/A       12%         2

Your spell library contained the following spells:

 Spells                   Type           Power      Damage    Failure   Level
 Sting                    Tmut/Pois      20%        1d4       14%         1
 Poisonous Vapours        Pois/Air       2%         N/A       34%         2
 Spider Form              Tmut/Pois      5%         N/A       38%         3
 Ice Form                 Ice/Tmut       5%         N/A       80%         4
 Olgreb's Toxic Radiance  Pois           1%         N/A       93%         4


Dungeon Overview and Level Annotations

Branches:
Dungeon (2/15)

Altars:

Annotations:
D:2 Natasha


Innate Abilities, Weirdness & Mutations

You have temporarily grown beastly horns.
((You are very nimble when in or above water. (Stealth+, EV+, Speed+++)))
Your lower body shifts to a powerful aquatic tail in water.


Message History

e - 2 scrolls labelled EHYNAN BOEM (gained 1)
There are no items here.
HP restored.
Natasha, Servant of Life and Death comes into view.
Natasha mumbles some strange words.
Casting: Beastly Appendage (safe; 8% risk of failure)
Confirm with . or Enter, or press ? or * to list all spells.
You grow a pair of large bovine horns.
Your +1 pair of boots of flying melds into your body.
You float gracefully downwards.
Your transformation is almost over.
The crimson imp closely misses you.
You miss the crimson imp. Your headbutt misses the crimson imp.
You closely miss the crimson imp. Your headbutt misses the crimson imp.
The crimson imp blinks!
You hit Natasha but do no damage. Your headbutt misses Natasha.
The crimson imp hits you. Natasha claws you.
You closely miss Natasha.
The crimson imp summons a swarm of flies.
The crimson imp hits you. Natasha claws you!
* * * LOW HITPOINT WARNING * * *
You closely miss Natasha. You headbutt Natasha.
Natasha is moderately wounded.
The crimson imp disappears for a moment.
The crimson imp hits you.
* * * LOW HITPOINT WARNING * * *
Natasha stares at you and mumbles some strange words.
The magic dart hits you.
* * * LOW HITPOINT WARNING * * *
You hit the crimson imp.
You headbutt the crimson imp, but do no damage.
The crimson imp is lightly wounded.
The crimson imp closely misses you. Natasha closely misses you.
You barely miss the crimson imp.
The crimson imp hits you but does no damage.
The crimson imp blinks!
Natasha closely misses you.
You hit Natasha.
Natasha is moderately wounded.
Natasha claws you.
You die...

#.≈≈...≈.≈#..#†##..
#≈.....≈..#.#.##..
.#.....#..........
#.#####.....#.#### #.......#..#.#
####.........###
#.########............
#....h§...†#..#......# ###
######@....#..#........
##.####### #...5.........# #.
##........######.....#..#..#.#(##
#.###.###............#.........##
.## ##.#############...>...####
.# #.# #......## .## ##.#
#.##.#.# #.###.##
###########.##.#.# ##...##
#.......#........#


You could see Natasha and a crimson imp (summoned).

Vanquished Creatures
  An orc (D:2)
  3 ball pythons
  2 endoplasms (D:1)
  A giant cockroach (D:1)
  5 goblins
  3 hobgoblins (D:1)
  5 jackals (D:1)
  2 quokkas (D:1)
  6 bats
  A frilled lizard (D:2)
  A kobold (D:1)
  2 rats
32 creatures vanquished.

Vanquished Creatures (others)
  A toadstool (D:2)
1 creature vanquished.

Grand Total: 33 creatures vanquished

Notes
Turn   | Place    | Note
-------+----------+-------------------------------------------
     0 | D:1      | mcbry74 the Merfolk Transmuter began the quest for the Orb.
     0 | D:1      | Reached XP level 1. HP: 15/15 MP: 3/3
   355 | D:1      | Reached XP level 2. HP: 13/21 MP: 3/5
   359 | D:1      | Reached skill level 4 in Unarmed Combat
   915 | D:1      | Reached XP level 3. HP: 18/26 MP: 6/6
  1250 | D:1      | Learned a level 2 spell: Wereblood
  1422 | D:2      | Found a faded altar of an unknown god.
  1572 | D:2      | Noticed Natasha
  1579 | D:2      | HP: 1/26 [Natasha/magic dart (4)]
  1583 | D:2      | Slain by Natasha

Illustrated notes

Levels and vault maps discovered:
D:1:      shiori_arrival_oz, layout_basic
D:2:      layout_loops_cross, shapermc_ecumenical_altar_starsandcircs,
          serial_rivers, chequers_serial_rivers_micro_b,
          chequers_serial_rivers_micro_d, chequers_serial_rivers_room_a,
          chequers_serial_rivers_micro_b, basic_altar, amcnicky_mini_pool_small,
          kennysheep_cluttered_room, minmay_gold_behind_fungi, moated_statue,
          uniq_natasha

Skill      XL: |  1  2 |
---------------+-------+-----
Unarmed Combat | 4 |  4.9
Fighting       | |  1.1
Dodging        | |  2.6
Spellcasting   | |  2.0
Transmutations | |  2.6

Action                   || total
-------------------------++-------
Melee: Unarmed           ||    98
       Headbutt          ||    11
       Punch             ||     2
 Cast: Beastly Appendage ||    16
 Stab: Sleeping          ||     3
Armor: Robe              ||    15
Dodge: Dodged            ||    52
